 Dungeon Crawl Stone Soup version 0.29-a0-757-g358383bc75 (webtiles) character file.

Game seed: 8499540669758712164

4630 ytrimaz the Cleaver (level 10, -1/127 HPs)
             Began as a Demonspawn Berserker on July 1, 2022.
             Was a Priest of Trog.
             Engulfed by a cloud of steam (5 damage)
             ... on level 8 of the Dungeon.
             The game lasted 00:11:00 (8528 turns).

ytrimaz the Cleaver (Demonspawn Berserker)          Turns: 8528, Time: 00:11:00

Health: -1/127     AC:  7    Str: 23    XL:     10   Next: 19%
Magic:  11/11      EV: 12    Int: 12    God:    Trog [***...]
Gold:   327        SH:  0    Dex: 12    Spells: 9/9 levels left

rFire   . . .      SeeInvis +   z - +3 hand axe (freeze)
rCold   . . .      Faith    .   (no shield)
rNeg    + . .      Spirit   .   h - +1 robe of the Hunter {rN+ Regen+ Int+4 Stlth+}
rPois   .          Reflect  .   (helmet restricted)
rElec   .          Harm     .   (no cloak)
rCorr   .          Rampage  .   (no gloves)
Will    ++...                   c - +0 pair of boots
Stlth   ..........              (no amulet)
HPRegen 2.11/turn               (no ring)
MPRegen 0.12/turn               (no ring)

@: berserking, lethally poisoned (-1 -> -1), strong-willed, regenerating, very
quick
A: molten scales 2, foul stench 1, demonic touch 1, horns 2, see invisible,
noise suppression
a: Renounce Religion, Berserk, Trog's Hand


You were on level 8 of the Dungeon.
You worshipped Trog.
Trog was most pleased with you.
You visited 2 branches of the dungeon, and saw 11 of its levels.

You collected 480 gold pieces.
You spent 153 gold pieces at shops.

Inventory:

Hand Weapons
 a - a +0 hand axe
 z - a +3 hand axe of freezing (weapon)
Armour
 c - a +0 pair of boots (worn)
 d - the +1 robe of Ynompal {rC+}
   (You found it on level 2 of the Dungeon)

   rC:        It protects you from cold.
 h - the +1 robe of the Hunter (worn) {rN+ Regen+ Int+4 Stlth+}
   (You bought it in a shop on level 8 of the Dungeon)

   Int:       It affects your intelligence (+4).
   rN:        It protects you from negative energy.
   Regen:     It increases your rate of health regeneration.
   Stlth:     It makes you more stealthy.
 p - a +2 robe of fire resistance
 A - a +1 troll leather armour
Wands
 f - a wand of flame (16)
 i - a wand of charming (7)
 x - a wand of mindburst (18)
Scrolls
 b - a scroll of fear
 e - 5 scrolls of teleportation
 m - 2 scrolls of vulnerability
 q - 2 scrolls of amnesia
 t - 4 scrolls of enchant weapon
Potions
 g - 3 potions of degeneration
 j - a potion of cancellation
 k - 4 potions of might
 l - a potion of berserk rage {unknown}
 n - 3 potions of haste {unknown}
 o - a potion of heal wounds
 r - a potion of lignification
 s - 2 potions of flight
 u - a potion of attraction {unknown}
 v - a potion of invisibility


   Skills:
 - Level 10.0 Fighting
 + Level 1.4(1.7) Short Blades
 + Level 1.3(1.7) Long Blades
 - Level 10.0 Axes
 + Level 1.4 Staves
 + Level 1.4 Ranged Weapons
 + Level 1.2 Throwing
 - Level 1.7 Armour
 - Level 1.7 Dodging
 + Level 1.2 Shields
 + Level 2.2 Invocations
 + Level 1.3 Evocations


You had 9 spell levels left.
You didn't know any spells.
Your spell library was empty.

Dungeon Overview and Level Annotations

Branches:
Dungeon (10/15)            Temple (1/1) D:5
   Lair: D:8-11         Orc: D:9-12

Altars:
Ashenzari
Cheibriados
Fedhas
Gozag
Hepliaklqana
Kikubaaqudgha
Makhleb
Nemelex Xobeh
Okawaru
Qazlal
Ru
Sif Muna
Trog
Vehumet
Wu Jian
Xom
Yredelemnul
Zin
The Shining One

Shops:
D:8 [

Annotations:
D:2 1 runed translucent door, Crazy Yiuf
D:8 3 runed translucent doors, lampshaded's ghost, novice SpHu


Innate Abilities, Weirdness & Mutations

You are mostly covered in molten scales. (AC +3)
You may rarely emit foul miasma when damaged in melee.
Your touch may inflict minor irresistible damage on your foes.
You have a pair of horns on your head.
You have supernaturally acute eyesight. (SInv)
You passively dampen the noise of your surroundings.


Message History

The kobold brigand hits you with a +0 dagger.
The steam dragon breathes steam at you. The ball of steam hits you!!
* * * LOW HITPOINT WARNING * * *
Unknown command.
A red film seems to cover your vision as you go berserk!
You feel yourself moving faster!
You feel mighty!
You are engulfed in a cloud of scalding steam.
* * * LOW HITPOINT WARNING * * *
You feel sick.
The kobold is engulfed in a cloud of scalding steam.
The kobold dies!
The kobold brigand closely misses you. The steam dragon barely misses you.
The steam dragon claws you but does no damage.
You slash the steam dragon! You freeze the steam dragon.
The steam dragon is almost dead.
You slash the kobold brigand! You freeze the kobold brigand.
You are engulfed in a cloud of scalding steam.
Unknown command.
You closely miss the steam dragon. Your headbutt misses the steam dragon.
The steam dragon is almost dead.
You slash the kobold brigand! You freeze the kobold brigand.
You kill the kobold brigand!
Trog accepts your kill.
You feel sick. The steam dragon breathes steam at you.
The ball of steam hits you!
* * * LOW HITPOINT WARNING * * *
You closely miss the steam dragon.
The steam dragon is almost dead.
You are engulfed in a cloud of scalding steam.
* * * LOW HITPOINT WARNING * * *
You feel sick.
Unknown command.
You slash the steam dragon! You freeze the steam dragon.
You kill the steam dragon!
Trog accepts your kill.
The steam dragon scales are intact enough to wear.
You are engulfed in a cloud of scalding steam.
You die...

#.. ##....## #.
##......##
.#.....!..#
..........#
#..#.......
.......§§)#
........§§#
#######§@)# #.#
......#§§.# #.#
#..!$$.o#§§.#
#.#
..#.#...#o#§§.#
#.#
..#..#h#WY#..§#
#.#
.#.#..F#F#..##
#.#
#.....9h#..#
##.######
#.......#..#
##........
..###+++###..#
####.........


There were no monsters in sight!

Vanquished Creatures
  A troll (D:10)
  Grinder (D:3)
  A shadow (D:10)
  A steam dragon (D:8)
  Grum (D:8)
  4 vampire mosquitoes (D:10)
  A water moccasin (D:5)
  An ice beast (D:7)
  2 black bears
  2 sky beasts
  3 ogres (D:6)
  3 wolves (D:8)
  3 centaurs
  A kobold brigand (D:8)
  A phantom (D:6)
  A bullfrog (D:7)
  2 necrophages
  4 scorpions
  A water moccasin zombie (D:4)
  4 wights (D:7)
  7 killer bees
  A centaur zombie (D:4)
  A human zombie (D:4)
  3 hounds
  3 jellies (D:6)
  2 orc priests
  Jessica (D:3)
  4 scorpion zombies (D:4)
  3 iguanas
  Natasha (D:4)
  6 orc wizards
  2 hound zombies (D:4)
  A mummy (D:4)
  A howler monkey zombie (D:4)
  10 adders
  5 gnolls
  A howler monkey skeleton (D:4)
  A shadow imp (D:5)
  2 white imps (D:6)
  An ufetubus (D:7)
  3 adder zombies (D:4)
  5 worms
  2 dart slugs
  An adder simulacrum (D:4)
  19 orcs
  8 endoplasms
  4 hobgoblins
  3 jackals (D:5)
  3 quokkas
  4 ball pythons
  2 bats
  2 frilled lizards (D:1)
  8 goblins
  8 kobolds
  4 rats
  A spectral hobgoblin (D:3)
171 creatures vanquished.

Vanquished Creatures (others)
  An adder zombie (D:4)
  7 kobolds (D:8)
  20 plants
  16 withered plants (D:4)
44 creatures vanquished.

Grand Total: 215 creatures vanquished

Notes
Turn   | Place    | Note
-------+----------+-------------------------------------------
     0 | D:1      | ytrimaz the Demonspawn Berserker began the quest for the
                  | Orb.
     0 | D:1      | Reached XP level 1. HP: 18/18 MP: 1/1
   309 | D:1      | Gained mutation: You are partially covered in molten
                  | scales. (AC +2) [demonic ancestry]
   309 | D:1      | Reached XP level 2. HP: 20/24 MP: 2/2
  1109 | D:2      | Identified the +1 robe of Ynompal {rC+}
  1212 | D:2      | Gained mutation: You are mostly covered in molten scales.
                  | (AC +3) [demonic ancestry]
  1212 | D:2      | Reached XP level 3. HP: 17/29 MP: 3/3
  1844 | D:2      | Reached XP level 4. HP: 37/37 MP: 4/4
  1964 | D:2      | Reached ** piety under Trog
  2109 | D:2      | Found a runed translucent door.
  2110 | D:2      | Noticed Crazy Yiuf
  2222 | D:3      | Found a shimmering blue altar of Sif Muna.
  2345 | D:3      | Found a faded altar of an unknown god.
  2767 | D:3      | Noticed Jessica
  2781 | D:3      | Killed Jessica
  3168 | D:3      | Noticed Grinder
  3182 | D:3      | Killed Grinder
  3183 | D:3      | Reached skill level 5 in Axes
  3183 | D:3      | Gained mutation: Your touch may inflict minor irresistible
                  | damage on your foes. [demonic ancestry]
  3183 | D:3      | Reached XP level 5. HP: 43/43 MP: 5/5
  3183 | D:3      | Gained mutation: You may rarely emit foul miasma when
                  | damaged in melee. [demonic ancestry]
  3183 | D:3      | Reached XP level 6. HP: 49/49 MP: 6/6
  3616 | D:4      | Gained mutation: You are clumsy. (Dex -2) [potion of
                  | mutation]
  3616 | D:4      | Lost mutation: You are clumsy. (Dex -2) [potion of
                  | mutation]
  3616 | D:4      | Gained mutation: You occasionally lose the ability to read
                  | scrolls when taking damage. [potion of mutation]
  3674 | D:4      | Lost mutation: You occasionally lose the ability to read
                  | scrolls when taking damage. [potion of mutation]
  3674 | D:4      | Gained mutation: You have supernaturally acute eyesight.
                  | (SInv) [potion of mutation]
  3674 | D:4      | Gained mutation: You have a pair of small horns on your
                  | head. [potion of mutation]
  3674 | D:4      | Gained mutation: You have a pair of horns on your head.
                  | [potion of mutation]
  3674 | D:4      | Gained mutation: You passively dampen the noise of your
                  | surroundings. [potion of mutation]
  4043 | D:4      | Reached XP level 7. HP: 51/55 MP: 7/7
  4075 | D:4      | Found a basalt altar of Yredelemnul.
  4084 | D:4      | Reached skill level 5 in Fighting
  4456 | D:4      | Noticed Natasha
  4458 | D:4      | Found the +4 dagger "Morg" {pain, Will+ Int+5}
  4473 | D:4      | Killed Natasha
  4563 | D:5      | Entered Level 5 of the Dungeon
  4725 | D:5      | Reached XP level 8. HP: 63/63 MP: 8/8
  4750 | D:5      | Found a staircase to the Ecumenical Temple.
  4825 | Temple   | Entered the Ecumenical Temple
  6228 | D:6      | Reached XP level 9. HP: 67/71 MP: 9/9
  6298 | D:6      | Found an opulent altar of Gozag.
  6335 | D:6      | Found a hazy altar of Hepliaklqana.
  6664 | D:6      | Reached *** piety under Trog
  6665 | D:6      | Reached skill level 10 in Axes
  7502 | D:7      | Found a bloodstained altar of Trog.
  7833 | D:7      | You fall into a shaft and drop 3 floors!
  7833 | D:10     | Entered Level 10 of the Dungeon
  7865 | D:10     | Noticed a troll
  7873 | D:10     | Killed a troll
  7918 | D:10     | Reached skill level 10 in Fighting
  8037 | D:10     | Reached skill level 1 in Invocations
  8051 | D:10     | Reached XP level 10. HP: 62/85 MP: 9/11
  8053 | D:10     | Reached skill level 1 in Short Blades
  8053 | D:10     | Reached skill level 1 in Ranged Weapons
  8079 | D:8      | Noticed Grum
  8084 | D:8      | Reached skill level 1 in Long Blades
  8084 | D:8      | Reached skill level 1 in Staves
  8084 | D:8      | Reached skill level 1 in Evocations
  8086 | D:8      | Reached skill level 1 in Throwing
  8086 | D:8      | Reached skill level 1 in Shields
  8087 | D:8      | Killed Grum
  8198 | D:7      | Found a stormy altar of Qazlal.
  8462 | D:8      | Found Zij Bayr's Antique Armour Shop.
  8467 | D:8      | Bought a sheer robe for 153 gold pieces
  8467 | D:8      | Identified the +1 robe of the Hunter {rN+ Regen+ Int+4
                  | Stlth+} (You bought it in a shop on level 8 of the Dungeon)
  8500 | D:8      | Noticed a gargoyle
  8503 | D:8      | Found a runed translucent gate.
  8503 | D:8      | Found a runed translucent gate.
  8503 | D:8      | Found a runed translucent gate.
  8505 | D:8      | Noticed lampshaded's ghost (novice SpHu)
  8527 | D:8      | HP: 4/127 [steam dragon] (5)]
  8528 | D:8      | Engulfed by a cloud of steam

Illustrated notes

Levels and vault maps discovered:
D:1:      eino_arrival_tree_alley, layout_loops_ring, serial_forest,
          infiniplex_forest_end_1, infiniplex_forest_lined_3,
          infiniplex_forest_corner_1, infiniplex_forest_zigzag_1,
          infiniplex_forest_clump_cross, infiniplex_forest_end_2,
          infiniplex_forest_end_2, serial_park_tiny_pond
D:2:      layout_loops_cross, uniq_crazy_yiuf_cottage
D:3:      cheibrodos_old_hovel, layout_loops_corners,
          mainiacjoe_overflow_chevrons,
          dreamdust_ecumenical_altar_drowned_temple,
          chequers_serial_rivers_large_a, uniq_jessica, uniq_grinder
D:4:      layout_basic, lemuel_mausoleum_altar_yredelemnul,
          dilly_guarded_unrand_morg
D:5:      layout_basic, minmay_temple_entry_arrows, minmay_circle_x
D:6:      minmay_spotlight, layout_loops_corners, mainiacjoe_overflow_two_lobes
D:7:      layout_basic, mainiacjoe_overflow_brackets,
          nicolae_overflow_crystal_walls
D:8:      layout_loops_ring, dancing_weapons_uskayaw, gammafunk_ghost_split,
          serial_shops, nicolae_shop_advertising_works
          [nicolae_subvault_shop_adworks], uniq_grum, uniq_maggie
D:9:      layout_irregular_city, david_lair_shrubbed, item_on_display_a
D:10:     layout_loops_ring, jmf_multi_god_temple2, grunt_ministairs_13,
          uniq_josephine
Temple:   cyrus_circular_temple

Skill      XL: |  1  2  3  4  5  6  7  8  9 10 |
---------------+-------------------------------+-----
Axes           | 3 5 6 7 9 10 | 10.0
Fighting       | 4 5 6 10 | 10.0
Invocations    | 1 2 |  2.2
Short Blades   | 1 |  1.4
Ranged Weapons | 1 |  1.4
Long Blades    | 1 |  1.3
Staves         | 1 |  1.4
Evocations     | 1 |  1.3
Throwing       | 1 |  1.2
Shields        | 1 |  1.2
Armour         | |  1.7
Dodging        | |  1.7

Action                   |  1- 3 |  4- 6 |  7- 9 | 10-12 || total
-------------------------+-------+-------+-------+-------++-------
Melee: Hand axe          |   104 |   153 |   290 |    19 ||   566
       Punch             |     1 |       |     1 |       ||     2
       Touch             |       |    12 |    45 |     3 ||    60
       Headbutt          |       |     8 |    67 |     6 ||    81
Invok: Berserk           |     1 |     3 |     3 |     1 ||     8
       Trog's Hand       |       |     5 |    10 |     1 ||    16
  Use: Scroll            |     3 |     1 |     6 |     4 ||    14
       Potion            |       |     7 |       |       ||     7
 Stab: Sleeping          |     1 |       |     2 |       ||     3
Armor: Animal skin       |    10 |       |       |       ||    10
       Robe              |    19 |    58 |    99 |     4 ||   180
       Skin              |       |    28 |       |       ||    28
       Troll leather arm |       |       |    13 |     7 ||    20
Dodge: Dodged            |    69 |    93 |   229 |    14 ||   405

Table legend: (Time is in decaauts)
 A = Elapsed time spent in this place.
 B = Non-inter-level travel time spent in this place.
 C = Inter-level travel time spent in this place.
 D = Time resting spent in this place.
 E = Time spent auto-exploring this place.
 F = Levels seen in this place.
 G = Mean time per level.
                   A        B        C        D        E       F      G
               +--------+--------+--------+--------+--------+-----+--------+
         Total |   8591 |   8384 |    207 |    485 |   6339 |  11 |  781.0 |
       Dungeon |   8517 |   8319 |    198 |    485 |   6297 |  10 |  851.7 |
        Temple |     74 |     65 |      9 |      0 |     42 |   1 |   74.0 |
               +--------+--------+--------+--------+--------+-----+--------+

Top non-repeatable levels by time:
     D:6: 1425 daAuts
     D:3: 1285 daAuts
     D:7: 1233 daAuts
     D:4: 1164 daAuts
     D:2: 1129 daAuts
     D:1: 1071 daAuts
     D:5: 835 daAuts
    D:10: 226 daAuts
     D:8: 127 daAuts
  Temple: 74 daAuts
     D:9: 17 daAuts
